 Dungeon Crawl Stone Soup version 0.30-a0-134-gb40fab5c76 (webtiles) character file.

Game seed: 1015303532899788603

385 blackman the Chopper (level 7, -7/52 HPs)
             Began as a Human Monk on Sept 18, 2022.
             Was an Elder of Cheibriados.
             Killed by nerve-wracking pain
             ... invoked by Menkaure
              (13 damage)
             ... on level 4 of the Dungeon on Sept 19, 2022.
             The game lasted 00:10:40 (4272 turns).

blackman the Chopper (Human Monk)                   Turns: 4272, Time: 00:10:40

Health: -7/52      AC:  8    Str: 22    XL:     7   Next: 6%
Magic:  7/7        EV:  9    Int: 20    God:    Cheibriados [****..]
Gold:   225        SH:  0    Dex: 24    Spells: 6/6 levels left

rFire   . . .      SeeInvis .    z - +0 trident
rCold   . . .      Faith    .    (no shield)
rNeg    . . .      Spirit   .    o - +0 chain mail
rPois   .          Reflect  .    (no helmet)
rElec   .          Harm     .    (no cloak)
rCorr   .          Rampage  .    (no gloves)
Will    .....                    (no boots)
Stlth   ..........               (no amulet)
HPRegen 0.17/turn                (no ring)
MPRegen 0.10/turn                (no ring)

@: very slow
A: no striking features
a: Renounce Religion, Bend Time, Temporal Distortion, Slouch


You were on level 4 of the Dungeon.
You worshipped Cheibriados.
Cheibriados was greatly pleased with you.
You visited 1 branch of the dungeon, and saw 4 of its levels.

You collected 225 gold pieces.

Inventory:

Hand Weapons
 a - a +0 hand axe
 z - a +0 trident (weapon)
Missiles
 x - 5 silver javelins (quivered)
Armour
 b - a +0 robe
 o - a +0 chain mail (worn)
Jewellery
 v - a ring of magical power
Scrolls
 d - a scroll of poison {unknown}
 f - a scroll of vulnerability {unknown}
 h - 2 scrolls of identify {unknown}
 i - 2 scrolls of fog {unknown}
 l - 2 scrolls of teleportation {unknown}
 m - 2 scrolls of fear
 p - a scroll of blinking {unknown}
 q - a scroll of silence {unknown}
 s - a scroll of enchant armour {unknown}
 t - a scroll of torment {unknown}
 u - a scroll of acquirement {unknown}
 y - a scroll of amnesia {unknown}
Potions
 c - a potion of ambrosia
 e - a potion of lignification {unknown}
 g - a potion of heal wounds {unknown}
 j - a potion of attraction {unknown}
 k - 3 potions of degeneration {unknown}
 n - a potion of mutation {unknown}
 r - a potion of haste {unknown}
 w - 2 potions of curing {unknown}


   Skills:
 - Level 3.0 Fighting
 - Level 7.0(7.1) Axes
 * Level 2.1(4.9) Polearms
 - Level 3.0 Dodging
 - Level 2.0 Stealth


You had 6 spell levels left.
You didn't know any spells.
Your spell library contained the following spells:

 Spells                   Type           Power      Damage    Failure   Level
 Magic Dart               Conj           0%         1d3       89%         1
 Slow                     Hex            0%         N/A       89%         1
 Call Imp                 Summ           0%         N/A       96%         2
 Confusing Touch          Hex            0%         N/A       99%         3
 Kindle Blastsparks       Fire/Tloc/Air  0%         2d10      99%         3
 Mephitic Cloud           Conj/Pois/Air  0%         N/A       99%         3
 Vampiric Draining        Necr           0%         2d6       99%         3
 Fulminant Prism          Conj/Hex       0%         3d6       100%        4
 Iskenderun's Mystic Bla  Conj/Tloc      0%         2d3       100%        4
 Freezing Cloud           Conj/Ice/Air   0%         6-21      100%        5
 Lee's Rapid Deconstruct  Erth           0%         3d5*      100%        5
 Simulacrum               Ice/Necr       0%         N/A       100%        6
 Polar Vortex             Ice            0%         N/A       100%        9


Dungeon Overview and Level Annotations

Branches:
Dungeon (4/15)             Temple (0/1) D:4

Altars:
Cheibriados
Uskayaw
Zin

Portals:
Abyss: D:3

Annotations:
D:3 2 transporters, Splishie's ghost, amateur GnWn
D:4 Menkaure


Message History

Reach: z) +0 trident
Press: ? - help, Dir - move target, f/p - Menkaure
Aim: Menkaure (moderately damaged, fast, about 21% to evade your +0 trident)
You reach to attack!
You hit Menkaure.
Menkaure is heavily damaged.
The quokka barely misses you.
Reach: z) +0 trident
Press: ? - help, Dir - move target, f/p - Menkaure
Aim: Menkaure (heavily damaged, fast, about 21% to evade your +0 trident)
The quokka is in the way.
You miss the quokka.
The quokka is moderately wounded.
The quokka barely misses you.
Menkaure calls on the powers of darkness!
The quokka convulses!
Your body is wracked with pain!
* * * LOW HITPOINT WARNING * * *
Reach: z) +0 trident
Press: ? - help, Dir - move target, f/p - Menkaure
Aim: Menkaure (heavily damaged, fast, about 21% to evade your +0 trident)
The quokka is in the way.
You miss the quokka.
The quokka is heavily wounded.
The quokka bites you.
* * * LOW HITPOINT WARNING * * *
Reach: z) +0 trident
Press: ? - help, Dir - move target, f/p - Menkaure
Aim: Menkaure (heavily damaged, fast, about 21% to evade your +0 trident)
You reach to attack!
You hit Menkaure.
Menkaure is heavily damaged.
The quokka bites you.
* * * LOW HITPOINT WARNING * * *
The quokka bites you but does no damage.
Reach: z) +0 trident
Press: ? - help, Dir - move target, f/p - Menkaure
Aim: Menkaure (heavily damaged, fast, about 21% to evade your +0 trident)
The quokka is in the way.
You puncture the quokka!
You kill the quokka!
Cheibriados appreciates the change of pace.
Menkaure gestures at you while chanting.
Pain shoots through your body!
You die...

#............. #.#.
###.......#.# #.#.
#..>....#.# .....
###.......######.##..
#...###†....#......
##.## #.....#.# ###
####.####..)....###.#
#....†M##.....#.##...
#.##@#.##.....#.# # #
#.#.###......#####
..#M# #.###.......
.###.# #.# #.###.##
.. ... ... #.# #.# ..
..##... #.# #.# #.#
..##.. #.# #.# #.
.... ..# #.# ... ..#


You could see Menkaure (fast).

Vanquished Creatures
  Sigmund (D:3)
  A scorpion (D:4)
  A hound (D:4)
  An iguana (D:4)
  3 adders
  An ufetubus (D:4)
  2 worms
  5 dart slugs
  2 endoplasms
  4 giant cockroaches
  8 goblins
  7 hobgoblins
  4 quokkas
  6 ball pythons
  5 bats
  6 frilled lizards
  10 kobolds
  5 rats
72 creatures vanquished.

Vanquished Creatures (others)
  7 plants (D:4)
7 creatures vanquished.

Grand Total: 79 creatures vanquished

Notes
Turn   | Place    | Note
-------+----------+-------------------------------------------
     0 | D:1      | blackman the Human Monk began the quest for the Orb.
     0 | D:1      | Reached XP level 1. HP: 18/18 MP: 1/1
   161 | D:1      | Reached XP level 2. HP: 17/24 MP: 2/2
   266 | D:1      | Found a faded altar of an unknown god.
   282 | D:1      | Prayed at the altar of an unknown god.
   282 | D:1      | Became a worshipper of Cheibriados the Contemplative
   282 | D:1      | Reached * piety under Cheibriados
   282 | D:1      | Reached ** piety under Cheibriados
   519 | D:1      | Reached *** piety under Cheibriados
   520 | D:1      | Reached skill level 4 in Axes
   520 | D:1      | Reached XP level 3. HP: 29/29 MP: 3/3
  1467 | D:2      | Reached XP level 4. HP: 21/35 MP: 4/4
  2144 | D:3      | Reached skill level 5 in Axes
  2206 | D:3      | Noticed a toenail golem
  2207 | D:3      | Noticed Splishie's ghost (amateur GnWn)
  2210 | D:3      | Found a transporter.
  2369 | D:3      | Noticed Sigmund
  2448 | D:3      | Found a transporter.
  2526 | D:3      | Found a one-way gate to the infinite horrors of the Abyss.
  2803 | D:3      | Found a hide-covered altar of Uskayaw.
  3080 | D:3      | Upgraded the game from 0.30-a0-125-g51eefa89be to
                  | 0.30-a0-134-gb40fab5c76
  3082 | D:3      | Noticed an angel
  3093 | D:3      | Killed Sigmund
  3094 | D:3      | Reached skill level 6 in Axes
  3094 | D:3      | Reached XP level 5. HP: 37/41 MP: 1/5
  3094 | D:3      | Reached XP level 6. HP: 43/47 MP: 1/6
  3237 | D:3      | Found a glowing silver altar of Zin.
  3372 | D:4      | Found a staircase to the Ecumenical Temple.
  3465 | D:4      | Reached skill level 7 in Axes
  3744 | D:4      | Reached **** piety under Cheibriados
  3766 | D:4      | Reached skill level 1 in Polearms
  4245 | D:4      | Noticed Menkaure
  4259 | D:4      | Reached XP level 7. HP: 35/52 MP: 7/7
  4272 | D:4      | Killed from afar by Menkaure

Illustrated notes

Levels and vault maps discovered:
D:1:      dpeg_arrival_simpleton_c, layout_loops_ring,
          hellmonk_ecumenical_altar_lost_god
D:2:      layout_rooms
D:3:      layout_loops_ring, nicolae_uskayaw_dance_hall, zin_angel,
          gammafunk_ghost_abyssal_escape, minmay_misc_feat_square,
          kennysheep_flooded_box, kennysheep_nondescript,
          kennysheep_generic_room_2, uniq_sigmund
D:4:      layout_loops_cross, minmay_temple_entry_grid, minmay_lizard_king,
          uniq_menkaure

Skill      XL: |  1  2  3  4  5  6 |
---------------+-------------------+-----
Axes           | 4 6 7 |  7.0
Polearms       | 2 |  2.1
Fighting       | |  3.0
Dodging        | |  3.0
Stealth        | |  2.0

Action                   |  1- 3 |  4- 6 |  7- 9 || total
-------------------------+-------+-------+-------++-------
Melee: Hand axe          |    84 |    85 |       ||   169
       Trident           |       |    56 |    13 ||    69
Invok: Bend Time         |       |     1 |       ||     1
  Use: Scroll            |       |     1 |       ||     1
 Stab: Sleeping          |     7 |       |       ||     7
Armor: Robe              |    11 |       |       ||    11
       Chain mail        |     2 |    64 |     5 ||    71
Dodge: Dodged            |    58 |    64 |     6 ||   128

Table legend: (Time is in decaauts)
 A = Elapsed time spent in this place.
 B = Non-inter-level travel time spent in this place.
 C = Inter-level travel time spent in this place.
 D = Time resting spent in this place.
 E = Time spent auto-exploring this place.
 F = Levels seen in this place.
 G = Mean time per level.
                   A        B        C        D        E       F      G
               +--------+--------+--------+--------+--------+-----+--------+
         Total |   5731 |   5417 |    314 |    254 |   4278 |   4 | 1432.8 |
       Dungeon |   5731 |   5417 |    314 |    254 |   4278 |   4 | 1432.8 |
               +--------+--------+--------+--------+--------+-----+--------+

Top non-repeatable levels by time:
     D:3: 2043 daAuts
     D:1: 1529 daAuts
     D:4: 1157 daAuts
     D:2: 1000 daAuts
